 Dungeon Crawl Stone Soup version 0.28.0 (webtiles) character file.

Game seed: 725724535551253359

47 SnakkuSnakku7 the Changer (level 3, 0/20 HPs)
             Began as a Deep Elf Transmuter on Feb 8, 2022.
             Slain by a gnoll (2 damage)
             ... on level 2 of the Dungeon.
             The game lasted 00:02:12 (1705 turns).

SnakkuSnakku7 the Changer (Deep Elf Transmuter)     Turns: 1705, Time: 00:02:12

Health: 0/20       AC:  8    Str:  7    XL:     3   Next: 48%
Magic:  9/9        EV: 10    Int: 19    God:
Gold:   142        SH:  0    Dex: 15    Spells: 4/8 levels left

rFire   . . .      SeeInvis .     - Unarmed
rCold   . . .      Faith    .   (no shield)
rNeg    . . .      Spirit   .   d - +3 ring mail
rPois   .          Reflect  .   (helmet currently unavailable)
rElec   .          Harm     .   (no cloak)
rCorr   .          Rampage  .   (no gloves)
Will    .....                   (boots currently unavailable)
Stlth   +.........              (no amulet)
HPRegen 0.06/turn               (no ring)
MPRegen 0.11/turn               (no ring)

@: appendages (expiring)
A: horns 2, talons 2
a: End Transformation


You were on level 2 of the Dungeon.
You had temporarily grown beastly horns and talons.
You visited 1 branch of the dungeon, and saw 2 of its levels.

You collected 142 gold pieces.

Inventory:

Armour
 a - a +0 robe
 d - a +3 ring mail (worn)
Scrolls
 b - 3 scrolls of teleportation {unknown}
 e - a scroll of fog {unknown}
 f - a scroll of enchant weapon {unknown}
Potions
 c - a potion of degeneration {unknown}


   Skills:
 - Level 0.7 Fighting
 - Level 2.4 Dodging
 + Level 3.1 Unarmed Combat
 - Level 3.0 Spellcasting
 - Level 3.1 Transmutations
 + Level 1.0 Poison Magic


You had 4 spell levels left.
You knew the following spells:

 Your Spells              Type           Power      Damage    Failure   Level
a - Beastly Appendage     Tmut           28%        N/A       16%         1
b - Spider Form           Tmut/Pois      10%        N/A       56%         3

Your spell library contained the following spells:

 Spells                   Type           Power      Damage    Failure   Level
 Wereblood                Tmut           14%        N/A       22%         2
 Call Canine Familiar     Summ           2%         N/A       85%         3
 Portal Projectile        Hex/Tloc       4%         N/A       85%         3
 Ice Form                 Ice/Tmut       8%         N/A       96%         4
 Leda's Liquefaction      Hex/Erth       1%         N/A       99%         4


Dungeon Overview and Level Annotations

Branches:
Dungeon (2/15)

Altars:

Annotations:
D:1 Dig


Innate Abilities, Weirdness & Mutations

You have temporarily grown beastly horns and talons.


Message History

The worm is heavily wounded.
The worm closely misses you.
Your transformation is almost over.
There is a stone staircase leading up here.
You climb upwards.
Level annotation: Dig
There is a stone staircase leading down here.
Your horns disappear.
Your talons disappear.
There is a stone staircase leading down here.
You start resting.
HP restored.
You climb downwards.
There is a stone staircase leading up here.
You see here a +0 dagger. 2 gnolls come into view.
The gnoll shouts! x2
There are monsters nearby!
You grow a pair of large bovine horns.
Your feet morph into talons.
A gnoll comes into view. It is wielding a +0 spear.
The gnoll shouts!
A gnoll comes into view. It is wielding a +0 flail.
You barely miss the gnoll.
The gnoll shouts!
You claw the gnoll.
The gnoll is lightly wounded.
The gnoll barely misses you.
You hit the gnoll. Your kick misses the gnoll.
The gnoll is moderately wounded.
The gnoll hits you with a +0 flail.
You hit the gnoll but do no damage.
The gnoll is moderately wounded.
The gnoll hits you with a +0 flail.
You hit the gnoll but do no damage. You claw the gnoll, but do no damage.
The gnoll is moderately wounded.
The gnoll hits you with a +0 flail!
Ouch! That really hurt!
* * * LOW HITPOINT WARNING * * *
Your transformation is almost over.
The gnoll hits you with a +0 flail.
You die...

#.....# #..###...>.....###.#
#.....# #.#########...#.#..#
####### #.#......##...##.#..
##### #.#.####.##...######
#..)###.#.####.##...#
########.......#.#.........##
...........##......##.......#
##.##.#######.##....)...###.#
##.##.# #.##@.......###.#####
...##.# #.##g.......(........
#####.# #.##g..##.##.##..####
. ..# #.##...##.#...#..# #
### #..gg......._....#
####.####.#...#..# ##.#
#.##.##..# #..# # ......#
#.## ##.####


You could see 4 gnolls.

Vanquished Creatures
  An adder (D:2)
  2 worms (D:2)
  5 endoplasms (D:1)
  A giant cockroach (D:2)
  6 goblins
  2 hobgoblins (D:2)
  A kobold (D:2)
  2 ball pythons (D:1)
  6 bats
  2 frilled lizards (D:1)
  3 rats
31 creatures vanquished.

Vanquished Creatures (others)
  5 toadstools (D:2)
5 creatures vanquished.

Grand Total: 36 creatures vanquished

Notes
Turn   | Place    | Note
-------+----------+-------------------------------------------
     0 | D:1      | SnakkuSnakku7 the Deep Elf Transmuter began the quest for
                  | the Orb.
     0 | D:1      | Reached XP level 1. HP: 11/11 MP: 6/6
   358 | D:1      | Reached XP level 2. HP: 16/16 MP: 6/8
  1198 | D:2      | Reached XP level 3. HP: 18/20 MP: 9/9
  1202 | D:2      | Learned a level 3 spell: Spider Form
  1239 | D:2      | Found a faded altar of an unknown god.
  1372 | D:2      | Reached skill level 1 in Poison Magic
  1700 | D:2      | HP: 1/20 [gnoll (10)]
  1705 | D:2      | Slain by a gnoll

Illustrated notes

Levels and vault maps discovered:
D:1:      psy_arrival_dodecagon, layout_rooms, nrook_mini_backslash,
          minmay_misc_feat_tower, chequers_hall_statues_wall_a,
          due_unseen_surprise
D:2:      layout_loops_cross, ebering_ecumenical_altar_box,
          minmay_gold_behind_fungi, uniq_terence

Skill      XL: |  1  2  3 |
---------------+----------+-----
Transmutations | 3 |  3.1
Unarmed Combat | 3 |  3.1
Poison Magic   | 1 |  1.0
Fighting       | |  0.7
Dodging        | |  2.4
Spellcasting   | |  3.0

Action                   || total
-------------------------++-------
Melee: Unarmed           ||    99
       Kick              ||    18
       Headbutt          ||     8
       Punch             ||     5
 Cast: Beastly Appendage ||    15
Armor: Robe              ||     6
       Ring mail         ||    26
Dodge: Dodged            ||    45
